 Dungeon Crawl Stone Soup version 0.30.0-29-ga12c61a403 (webtiles) character file.

Game seed: 14414501683583408011

29697 qw the Cleaver (level 13, -2/84 HPs)
             Began as a Gargoyle Fighter on June 4, 2023.
             Was a High Priest of Okawaru.
             Killed from afar by a lindwurm (35 damage)
             ... with a blast of flame
             ... on level 2 of the Lair of Beasts.
             The game lasted 00:06:42 (12209 turns).

qw the Cleaver (Gargoyle Fighter)                  Turns: 12209, Time: 00:06:42

Health: -2/84      AC: 32    Str: 26    XL:     13   Next: 46%
Magic:  20/20      EV:  9    Int:  8    God:    Okawaru [*****.]
Gold:   797        SH:  6    Dex:  9    Spells: 12/12 levels left

rFire   . . .        Y - +5 war axe (freeze)
rCold   + . .        c - +0 buckler
rNeg    + . .        p - +0 plate armour
rPois   inf          (helmet restricted)
rElec   +            j - +1 cloak {Stlth+}
rCorr   .            (no gloves)
SInv    .            g - +0 pair of boots of Lyceju {rElec rC+ Regen+}
Will    .....        (no amulet) Stlth
                     (no ring)
HPRegen 1.14/turn    (no ring)
MPRegen 0.17/turn

%: no passive effects
@: heroic
A: sickness immunity, AC +9, negative energy resistance 1, electricity
resistance, torment resistance 1, petrification resistance, horns 1, iridescent
scales 1, noise suppression
a: Renounce Religion, Heroism, Finesse, Duel


You were on level 2 of the Lair of Beasts.
You worshipped Okawaru.
Okawaru was extremely pleased with you.
You visited 3 branches of the dungeon, and saw 14 of its levels.

You collected 797 gold pieces.


Innate Abilities, Weirdness & Mutations

You are immune to sickness and miasma.
Your stone body is resilient. (AC +9)
You are immune to poison.
You resist negative energy. (rN+)
You are resistant to electric shocks. (rElec)
You are resistant to unholy torment.
You are immune to petrification.
You have a pair of small horns on your head.
You are partially covered in iridescent scales. (AC +2)
You passively dampen the noise of your surroundings.


   Skills:
 + Level 10.9(15.9) Fighting
 - Level 14.0(19.0) Axes
 - Level 4.1(9.1) Throwing
 - Level 9.0(14.0) Armour
 - Level 2.0(7.0) Dodging
 - Level 6.8(11.8) Shields
 - Level 10.0 Invocations


You had 12 spell levels left.
You didn't know any spells.
Your spell library was empty.

Inventory:

Hand Weapons
 o - a +3 morningstar
 Y - a +5 war axe of freezing (weapon)
Missiles
 n - 9 boomerangs (quivered)
Armour
 c - a +0 buckler (worn)
 g - the +0 pair of boots of Lyceju (worn) {rElec rC+ Regen+}
   (You acquired it on level 1 of the Dungeon)

   rC:        It protects you from cold.
   rElec:     It insulates you from electricity.
   Regen:     It increases your rate of health regeneration.
 j - a +1 cloak of stealth (worn)
 l - +0 acid dragon scales
 p - a +0 plate armour (worn)
Scrolls
 a - 2 scrolls of identify
 h - 4 scrolls of teleportation
Potions
 b - a potion of haste
 d - 3 potions of might
 f - 4 potions of heal wounds
 i - 2 potions of magic
 k - a potion of curing
 m - a potion of attraction
 q - 3 potions of mutation

Dungeon Overview and Level Annotations

Branches:
Dungeon (11/15)            Temple (1/1) D:6            Lair (2/5) D:11
 Shoals (0/4) Lair:2          Orc (0/2) D:9
  Snake: Lair:2-3    Spider: Lair:2-3

Altars:
Ashenzari
Cheibriados
Dithmenos
Elyvilon
Fedhas
Gozag
Hepliaklqana
Kikubaaqudgha
Makhleb
Nemelex Xobeh
Okawaru
Qazlal
Ru
Sif Muna
Trog
Uskayaw
Vehumet
Wu Jian
Xom
Yredelemnul
Zin
The Shining One

Shops:
D:1 (   D:9 (

Annotations:
D:5 2 runed translucent doors, qw's ghost, novice GrFi
Lair:1 1 runed translucent door, Qanwah's ghost, journeyman GrFi
Lair:2 exclusion: 5 lindwurms


Message History

Enter note:
Enter note:
Enter note:
Enter note:
Enter note:
Enter note:
Enter note:
Enter note:
Enter note: The lindwurm breathes flames at you.
The blast of flame hits you!
Enter note:
Enter note:
Enter note:
Enter note:
Enter note:
Enter note:
Enter note:
Enter note:
Enter note:
Enter note:
Enter note:
Enter note:
Enter note:
Enter note:
Enter note:
Enter note:
Enter note:
Enter note:
Enter note:
Enter note:
Enter note:
Enter note:
Enter note:
Enter note:
Enter note:
Enter note: The lindwurm breathes flames at you.
The blast of flame hits you!!
You die...

................##....#######
.............#.#####.##PP.#.#####
..........<.....# #.........#.P#
.....[.........## #.###..#.....#
...............#####>#.....#.#.#.
.#...P#.##....#.##...(..~.¤......
.PP............#.....¤.¤~..¤¤...#
......###..........~~~¤~~¤¤~.~...
.........##.....@.~~~~~¤~¤¤~~~...
.PP####.##.#....~~~~~~¤~¤~~~~~¤..
#### #.####.....~¤¤¤~~~~~~~¤~~¤¤.
# ### ##....~¤¤¤~~k...~¤¤~¤~. #
#...~~¤¤~kk.##...¤~~~~ #
#...~~~¤~(.####(.~¤¤~¤
##..¤¤~~~..#. #..~~¤~
#P.~~~¤~¤.## ##.~¤~¤ #####
#...~¤~~~.# ##.¤¤~¤


You could see 2 lindwurms.

Vanquished Creatures
  Snorg (D:11)
  A centaur warrior (D:10)
  2 two-headed ogres
  2 boulder beetles
  2 oklob plants (D:11)
  A lindwurm (Lair:2)
  2 cyclopes
  A manticore (D:11)
  An ugly thing (D:7)
  10 elephants
  Joseph (Lair:1)
  2 black mambas
  A torpor snail (Lair:2)
  A cane toad (Lair:1)
  Maggie (D:7)
  2 unseen horrors
  4 komodo dragons
  2 rime drakes (Lair:2)
  4 trolls
  2 hornets (D:11)
  Grinder (D:3)
  7 blink frogs (Lair:2)
  Sigmund (D:3)
  2 slime creatures (D:7)
  A shadow (D:11)
  16 yaks
  3 wraiths
  2 wyverns
  3 vampire mosquitoes
  3 steam dragons
  4 basilisks
  5 acid dragons
  Edmund (D:4)
  8 water moccasins
  3 ice beasts (D:7)
  10 orc warriors
  2 sky beasts
  2 black bears (D:7)
  5 ogres
  12 wolves
  3 centaurs
  2 phantoms
  3 kobold brigands
  Blork the orc (D:4)
  A gnoll sergeant (D:7)
  8 bullfrogs
  4 scorpions
  11 wights
  11 killer bees
  13 howler monkeys
  A gnoll bouda (D:7)
  3 hounds
  6 orc priests
  2 sleepcaps
  4 iguanas
  Jessica (D:3)
  17 orc wizards
  4 adders
  A shadow imp (D:7)
  2 ufetubi (D:6)
  A dart slug (D:4)
  36 orcs
  9 bats
  10 endoplasms
  11 goblins
  6 hobgoblins
  A jackal (D:1)
  2 quokkas (D:1)
  4 ball pythons
  9 frilled lizards
  3 giant cockroaches
  16 kobolds
  8 rats
348 creatures vanquished.

Vanquished Creatures (others)
  An orc (D:7)
1 creature vanquished.

Grand Total: 349 creatures vanquished

Notes
Turn   | Place    | Note
-------+----------+-------------------------------------------
     0 | D:1      | qw the Gargoyle Fighter began the quest for the Orb.
     0 | D:1      | Reached XP level 1. HP: 14/14 MP: 1/1
     0 | D:1      | 0 ||| qw: Version: 0.2-a-107-g4668610
     0 | D:1      | 0 ||| qw: Game counter: 1310
     0 | D:1      | 0 ||| qw: Always use a shield: true
     0 | D:1      | 0 ||| qw: God list: Okawaru
     0 | D:1      | 0 ||| qw: Allow faded altars: false
     0 | D:1      | 0 ||| qw: Do Orc after D:15 true
     0 | D:1      | 0 ||| qw: Do second Lair branch before Depths: true
     0 | D:1      | 0 ||| qw: Lair rune preference: random
     0 | D:1      | 0 ||| qw: Plans: Normal, Zot:1-4, Slime:5, God:TSO, Crypt,
                  | Tomb, Abyss, Pan, Hells, Win
     0 | D:1      | 0 ||| PLANNING D:1-11
    64 | D:1      | Reached skill level 2 in Axes
   219 | D:1      | Reached XP level 2. HP: 17/19 MP: 2/2
   234 | D:1      | Found Zun Heesch's Antique Weapon Boutique.
   275 | D:1      | 275 ||| SHOPLISTING glowing war axe (149 gold, have 19).
   275 | D:1      | 275 ||| SHOPLISTING mace (69 gold, have 19).
   462 | D:1      | Reached skill level 3 in Axes
   507 | D:1      | Reached XP level 3. HP: 23/23 MP: 3/3
   860 | D:1      | 860 ||| FLEEEEING.
  1043 | D:1      | 1043 ||| UPGRADING to +0 pair of boots.
  1048 | D:1      | 1048 ||| READING 2 scrolls labelled WYBRENUTUO.
  1049 | D:1      | 1049 ||| READING scroll labelled ANKOXZ ZUZINKO.
  1050 | D:1      | 1050 ||| READING scroll labelled ZEN NURA NISIKH.
  1051 | D:1      | 1051 ||| READING scroll labelled VOET OFEHOESIG.
  1051 | D:1      | Identified a scroll of acquirement
  1051 | D:1      | 1051 ||| ACQUIRING +0 pair of boots of Lyceju {rElec rC+
                  | Regen+}
  1051 | D:1      | Acquired the +0 pair of boots of Lyceju {rElec rC+ Regen+}
  1053 | D:1      | 1053 ||| UPGRADING to +0 pair of boots of Lyceju {rElec rC+
                  | Regen+}.
  1063 | D:1      | 1063 ||| DROPPING +0 pair of boots.
  1126 | D:2      | 1126 ||| DROPPING +0 hand axe of freezing.
  1418 | D:2      | Reached XP level 4. HP: 28/28 MP: 4/4
  1760 | D:2      | 1760 ||| READING scroll labelled VYSUFO XALOSK.
  1761 | D:2      | 1761 ||| READING 2 scrolls labelled NUASIX WECUAG.
  1764 | D:2      | 1764 ||| READING scroll labelled DEAB JEOLUAMO.
  1765 | D:2      | 1765 ||| READING scroll labelled GIKKEM EMMOIMO.
  1766 | D:2      | 1766 ||| DRINKING 2 murky white potions.
  1767 | D:2      | 1767 ||| READING 2 scrolls of identify.
  1767 | D:2      | 1767 ||| IDENTIFYING fizzy inky potion
  1768 | D:2      | 1768 ||| DROPPING potion of brilliance.
  1812 | D:3      | Noticed Jessica
  1813 | D:3      | 1813 ||| Stepping ~*~*~tactically~*~*~ (hiding).
  1823 | D:3      | Killed Jessica
  1824 | D:3      | Reached skill level 1 in Throwing
  2072 | D:3      | Noticed a scorpion
  2079 | D:3      | Killed a scorpion
  2080 | D:3      | Reached skill level 4 in Axes
  2080 | D:3      | Reached XP level 5. HP: 32/32 MP: 5/5
  2105 | D:3      | Noticed Sigmund
  2105 | D:3      | Noticed Grinder
  2106 | D:3      | 2106 ||| Stepping ~*~*~tactically~*~*~ (hiding).
  2116 | D:3      | Killed Sigmund
  2117 | D:3      | Reached skill level 5 in Axes
  2117 | D:3      | Reached XP level 6. HP: 30/37 MP: 6/6
  2122 | D:3      | Killed Grinder
  2123 | D:3      | Reached XP level 7. HP: 35/44 MP: 7/7
  2463 | D:3      | 2463 ||| READING scroll labelled ALUJES NIVIE.
  2464 | D:3      | 2464 ||| READING 2 scrolls of identify.
  2464 | D:3      | 2464 ||| IDENTIFYING fizzy yellow potion
  2533 | D:4      | 2533 ||| Stepping ~*~*~tactically~*~*~ (stealth).
  2550 | D:4      | Reached skill level 1 in Dodging
  2749 | D:4      | Noticed Blork the orc
  2751 | D:4      | 2751 ||| Stepping ~*~*~tactically~*~*~ (hiding).
  2759 | D:4      | Killed Blork the orc
  2760 | D:4      | Reached skill level 6 in Axes
  2832 | D:4      | Noticed Edmund
  2847 | D:4      | Killed Edmund
  2865 | D:4      | 2865 ||| DROPPING +0 club.
  3238 | D:4      | 3238 ||| UPGRADING to +1 cloak of stealth.
  3243 | D:4      | 3243 ||| UPGRADING to +0 chain mail.
  3253 | D:4      | 3253 ||| DROPPING +0 scale mail.
  3254 | D:4      | 3254 ||| READING scroll labelled KEDYTO SACYVU.
  3255 | D:4      | 3255 ||| DRINKING 2 amethyst potions.
  3255 | D:4      | Gained mutation: You expend magic power (3 MP) to
                  | strengthen your wands. [potion of mutation]
  3255 | D:4      | Lost mutation: You expend magic power (3 MP) to strengthen
                  | your wands. [potion of mutation]
  3255 | D:4      | Gained mutation: You are occasionally teleported next to
                  | monsters. [potion of mutation]
  3256 | D:4      | 3256 ||| DRINKING potion of mutation.
  3256 | D:4      | Lost mutation: You are occasionally teleported next to
                  | monsters. [potion of mutation]
  3256 | D:4      | Gained mutation: You are partially covered in iridescent
                  | scales. (AC +2) [potion of mutation]
  3256 | D:4      | Gained mutation: You passively dampen the noise of your
                  | surroundings. [potion of mutation]
  3256 | D:4      | Gained mutation: You have a pair of small horns on your
                  | head. [potion of mutation]
  3300 | D:5      | Entered Level 5 of the Dungeon
  3352 | D:5      | Reached skill level 7 in Axes
  3352 | D:5      | Reached XP level 8. HP: 49/49 MP: 8/8
  3436 | D:5      | Found a large runed translucent door.
  3436 | D:5      | Found a large runed translucent door.
  3440 | D:5      | Noticed qw's ghost (novice GrFi)
  3694 | D:5      | 3694 ||| READING scroll of enchant weapon.
  3694 | D:5      | 3694 ||| ENCHANTING +1 war axe of freezing.
  3794 | D:5      | 3794 ||| Stepping ~*~*~tactically~*~*~ (stealth).
  3799 | D:5      | 3799 ||| Stepping ~*~*~tactically~*~*~ (stealth).
  3805 | D:5      | 3805 ||| Stepping ~*~*~tactically~*~*~ (stealth).
  3806 | D:5      | 3806 ||| Stepping ~*~*~tactically~*~*~ (stealth).
  3808 | D:5      | 3808 ||| Stepping ~*~*~tactically~*~*~ (stealth).
  3809 | D:5      | 3809 ||| Stepping ~*~*~tactically~*~*~ (stealth).
  3834 | D:5      | 3834 ||| Stepping ~*~*~tactically~*~*~ (hiding).
  3852 | D:5      | Reached skill level 8 in Axes
  3906 | D:5      | Reached skill level 6 in Fighting
  4033 | D:5      | 4033 ||| DROPPING ring of flight.
  4034 | D:5      | 4034 ||| READING 2 scrolls of identify.
  4034 | D:5      | 4034 ||| IDENTIFYING murky amethyst potion
  4035 | D:5      | 4035 ||| DROPPING potion of berserk rage.
  4084 | D:6      | Found a bloodstained altar of Trog.
  4090 | D:6      | Found a hide-covered altar of Uskayaw.
  4093 | D:6      | Found a stormy altar of Qazlal.
  4093 | D:6      | Found a radiant altar of Vehumet.
  4100 | D:6      | Found a hazy altar of Hepliaklqana.
  4103 | D:6      | 4103 ||| Stepping ~*~*~tactically~*~*~ (stealth).
  4110 | D:6      | 4110 ||| Stepping ~*~*~tactically~*~*~ (stealth).
  4118 | D:6      | Reached XP level 9. HP: 55/55 MP: 9/9
  4121 | D:6      | 4121 ||| Stepping ~*~*~tactically~*~*~ (hiding).
  4133 | D:6      | 4133 ||| Stepping ~*~*~tactically~*~*~ (stealth).
  4134 | D:6      | 4134 ||| Stepping ~*~*~tactically~*~*~ (stealth).
  4141 | D:6      | Reached skill level 9 in Axes
  4146 | D:6      | 4146 ||| READING scroll of enchant weapon.
  4146 | D:6      | 4146 ||| ENCHANTING +2 war axe of freezing.
  4152 | D:6      | 4152 ||| Stepping ~*~*~tactically~*~*~ (hiding).
  4160 | D:6      | 4160 ||| Stepping ~*~*~tactically~*~*~ (cloud).
  4164 | D:6      | 4164 ||| Stepping ~*~*~tactically~*~*~ (cloud).
  4166 | D:6      | 4166 ||| Stepping ~*~*~tactically~*~*~ (cloud).
  4297 | D:6      | Found a staircase to the Ecumenical Temple.
  4298 | D:6      | 4298 ||| PLANNING TEMPLE
  4302 | Temple   | Entered the Ecumenical Temple
  4375 | Temple   | 4375 ||| PLANNING OKAWARU WORSHIP
  4518 | Temple   | Became a worshipper of Warmaster Okawaru
  4518 | Temple   | 4518 ||| PLANNING D:1-11
  4580 | D:6      | 4580 ||| Stepping ~*~*~tactically~*~*~ (hiding).
  4795 | D:6      | 4795 ||| READING 2 scrolls of identify.
  4795 | D:6      | 4795 ||| IDENTIFYING grey potion
  4796 | D:6      | 4796 ||| DROPPING potion of ambrosia.
  4830 | D:7      | 4830 ||| Stepping ~*~*~tactically~*~*~ (stealth).
  4833 | D:7      | Noticed a boulder beetle
  4839 | D:7      | Reached * piety under Okawaru
  4840 | D:7      | 4840 ||| INVOKING Heroism.
  4867 | D:7      | Killed a boulder beetle
  4868 | D:7      | Reached skill level 10 in Axes
  4868 | D:7      | Reached XP level 10. HP: 24/63 MP: 10/10
  4873 | D:7      | HP: 13/63 [something (4)]
  4881 | D:7      | HP: 9/63 [something (5)]
  4883 | D:7      | Killed an unseen horror
  4883 | D:7      | Reached ** piety under Okawaru
  4906 | D:7      | 4906 ||| FLEEEEING.
  4907 | D:7      | 4907 ||| INVOKING Heroism.
  4952 | D:7      | 4952 ||| READING scroll labelled ORIETO TOILABBO.
  5022 | D:7      | Reached skill level 3 in Invocations
  5095 | D:7      | Found a sacrificial altar of Ru.
  5253 | D:7      | 5253 ||| Stepping ~*~*~tactically~*~*~ (hiding).
  5255 | D:7      | 5255 ||| INVOKING Heroism.
  5274 | D:7      | 5274 ||| INVOKING Heroism.
  5279 | D:7      | Noticed a brown ugly thing
  5292 | D:7      | Killed a brown ugly thing
  5319 | D:7      | Noticed a cyclops
  5320 | D:7      | 5320 ||| INVOKING Heroism.
  5324 | D:7      | Killed a cyclops
  5325 | D:7      | Reached skill level 11 in Axes
  5333 | D:7      | Noticed a two-headed ogre
  5341 | D:7      | 5341 ||| INVOKING Heroism.
  5345 | D:7      | Killed a two-headed ogre
  5345 | D:7      | Reached *** piety under Okawaru
  5346 | D:7      | Reached skill level 6 in Armour
  5363 | D:7      | Reached XP level 11. HP: 68/68 MP: 14/14
  5372 | D:7      | Identified the +0 halberd of Roeretomp {flame, rElec rF++
                  | Int+3 Dex-3}
  5373 | D:7      | Identified the staff of fire "Yjekkor" {+Blink rElec rF+}
  5443 | D:7      | 5443 ||| INVOKING Heroism.
  5471 | D:7      | 5471 ||| Stepping ~*~*~tactically~*~*~ (stealth).
  5477 | D:7      | Noticed Maggie
  5481 | D:7      | 5481 ||| INVOKING Heroism.
  5490 | D:7      | Killed Maggie
  5500 | D:7      | Reached skill level 9 in Fighting
  5592 | D:7      | 5592 ||| Stepping ~*~*~tactically~*~*~ (stealth).
  5594 | D:7      | 5594 ||| Stepping ~*~*~tactically~*~*~ (hiding).
  5692 | D:7      | 5692 ||| Stepping ~*~*~tactically~*~*~ (stealth).
  5912 | D:7      | 5912 ||| DROPPING +1 ring mail of cold resistance.
  5913 | D:7      | 5913 ||| UPGRADING to +2 chain mail of poison resistance.
  5923 | D:7      | 5923 ||| DROPPING +0 chain mail.
  5924 | D:7      | 5924 ||| UPGRADING to +0 plate armour.
  5934 | D:7      | 5934 ||| DROPPING +2 chain mail of poison resistance.
  5935 | D:7      | 5935 ||| READING scroll labelled SEOLEYSSOU.
  5949 | D:7      | 5949 ||| READING 2 scrolls of identify.
  5949 | D:7      | 5949 ||| IDENTIFYING cyan potion
  5950 | D:7      | 5950 ||| DROPPING potion of flight.
  5970 | D:8      | 5970 ||| INVOKING Heroism.
  6011 | D:8      | 6011 ||| INVOKING Heroism.
  6075 | D:8      | 6075 ||| Stepping ~*~*~tactically~*~*~ (hiding).
  6088 | D:8      | 6088 ||| INVOKING Heroism.
  6212 | D:8      | 6212 ||| Stepping ~*~*~tactically~*~*~ (hiding).
  6325 | D:8      | 6325 ||| Stepping ~*~*~tactically~*~*~ (stealth).
  6539 | D:8      | 6539 ||| Stepping ~*~*~tactically~*~*~ (stealth).
  6609 | D:8      | 6609 ||| READING 2 scrolls of identify.
  6609 | D:8      | 6609 ||| IDENTIFYING sedimented clear potion
  6650 | D:9      | 6650 ||| Stepping ~*~*~tactically~*~*~ (hiding).
  7086 | D:9      | Found Byikh's Antique Weapon Boutique.
  7206 | D:9      | 7206 ||| Stepping ~*~*~tactically~*~*~ (stealth).
  7208 | D:9      | 7208 ||| Stepping ~*~*~tactically~*~*~ (stealth).
  7219 | D:9      | 7219 ||| INVOKING Heroism.
  7248 | D:9      | Found a staircase to the Orcish Mines.
  7250 | D:9      | 7250 ||| Stepping ~*~*~tactically~*~*~ (stealth).
  7251 | D:9      | 7251 ||| INVOKING Heroism.
  7274 | D:9      | 7274 ||| Stepping ~*~*~tactically~*~*~ (stealth).
  7282 | D:9      | 7282 ||| Stepping ~*~*~tactically~*~*~ (stealth).
  7286 | D:9      | 7286 ||| INVOKING Heroism.
  7289 | D:9      | 7289 ||| Stepping ~*~*~tactically~*~*~ (hiding).
  7319 | D:9      | 7319 ||| DROPPING +0 flail of holy wrath.
  7335 | D:9      | Reached skill level 12 in Axes
  7488 | D:9      | 7488 ||| Stepping ~*~*~tactically~*~*~ (hiding).
  7499 | D:9      | Reached skill level 6 in Shields
  7851 | D:9      | 7851 ||| READING scroll labelled ESEBUIT NEAWN.
  7852 | D:9      | 7852 ||| READING 3 scrolls of identify.
  7852 | D:9      | 7852 ||| IDENTIFYING clear potion
  7853 | D:9      | 7853 ||| DROPPING potion of degeneration.
  7868 | D:10     | Entered Level 10 of the Dungeon
  7915 | D:10     | Noticed a two-headed ogre
  7916 | D:10     | 7916 ||| INVOKING Heroism.
  7922 | D:10     | Killed a two-headed ogre
  7922 | D:10     | Reached **** piety under Okawaru
  8054 | D:10     | 8054 ||| Stepping ~*~*~tactically~*~*~ (stealth).
  8061 | D:10     | Reached skill level 9 in Armour
  8149 | D:10     | 8149 ||| READING scroll of enchant weapon.
  8149 | D:10     | 8149 ||| ENCHANTING +3 war axe of freezing.
  8197 | D:10     | 8197 ||| Stepping ~*~*~tactically~*~*~ (hiding).
  8229 | D:10     | 8229 ||| INVOKING Heroism.
  8247 | D:10     | Noticed a boulder beetle
  8301 | D:10     | 8301 ||| INVOKING Heroism.
  8320 | D:10     | Killed a boulder beetle
  8321 | D:10     | Reached skill level 3 in Throwing
  8380 | D:10     | Noticed a centaur warrior
  8383 | D:10     | 8383 ||| INVOKING Heroism.
  8390 | D:10     | Killed a centaur warrior
  8391 | D:10     | Reached skill level 6 in Invocations
  8391 | D:10     | Reached XP level 12. HP: 41/76 MP: 14/16
  8469 | D:10     | 8469 ||| FLEEEEING.
  8880 | D:10     | 8880 ||| READING scroll labelled POCLYW SIEN.
  8932 | D:11     | 8932 ||| Stepping ~*~*~tactically~*~*~ (stealth).
  8934 | D:11     | 8934 ||| Stepping ~*~*~tactically~*~*~ (stealth).
  8948 | D:11     | 8948 ||| Stepping ~*~*~tactically~*~*~ (stealth).
  8949 | D:11     | 8949 ||| Stepping ~*~*~tactically~*~*~ (stealth).
  9028 | D:11     | 9028 ||| INVOKING Heroism.
  9043 | D:11     | 9043 ||| Stepping ~*~*~tactically~*~*~ (stealth).
  9044 | D:11     | 9044 ||| Stepping ~*~*~tactically~*~*~ (stealth).
  9080 | D:11     | 9080 ||| Stepping ~*~*~tactically~*~*~ (hiding).
  9128 | D:11     | Reached ***** piety under Okawaru
  9151 | D:11     | 9151 ||| Stepping randomly (disturbance).
  9231 | D:11     | 9231 ||| Stepping ~*~*~tactically~*~*~ (stealth).
  9259 | D:11     | 9259 ||| READING scroll of enchant weapon.
  9259 | D:11     | 9259 ||| ENCHANTING +4 war axe of freezing.
  9282 | D:11     | 9282 ||| Stepping ~*~*~tactically~*~*~ (hiding).
  9302 | D:11     | 9302 ||| Stepping ~*~*~tactically~*~*~ (stealth).
  9385 | D:11     | Found a staircase to the Lair.
  9386 | D:11     | 9386 ||| INVOKING Heroism.
  9387 | D:11     | 9387 ||| INVOKING Finesse.
  9388 | D:11     | 9388 ||| FLEEEEING.
  9445 | D:11     | 9445 ||| INVOKING Heroism.
  9459 | D:11     | 9459 ||| READING 4 scrolls of teleportation.
  9459 | D:11     | HP: 6/77 [oklob plant/splash of acid (15)]
  9460 | D:11     | 9460 ||| DRINKING 5 potions of heal wounds.
  9637 | D:11     | 9637 ||| INVOKING Heroism.
  9991 | D:11     | Noticed Snorg
  9992 | D:11     | 9992 ||| INVOKING Heroism.
 10005 | D:11     | Killed Snorg
 10330 | D:11     | 10330 ||| PLANNING LAIR
 10330 | D:11     | 10330 ||| DROPPING +1 cloak.
 10331 | D:11     | 10331 ||| READING 3 scrolls of identify.
 10331 | D:11     | 10331 ||| IDENTIFYING red potion
 10365 | Lair:1   | Entered Level 1 of the Lair of Beasts
 10376 | Lair:1   | 10376 ||| Stepping ~*~*~tactically~*~*~ (stealth).
 10382 | Lair:1   | Received a gift from Okawaru
 10482 | Lair:1   | 10482 ||| INVOKING Heroism.
 10596 | Lair:1   | Found a runed translucent door.
 10596 | Lair:1   | Found a shimmering altar of Xom.
 10596 | Lair:1   | Noticed Qanwah's ghost (journeyman GrFi)
 10646 | Lair:1   | 10646 ||| Stepping ~*~*~tactically~*~*~ (hiding).
 10654 | Lair:1   | Reached skill level 9 in Invocations
 10778 | Lair:1   | Noticed Joseph
 10779 | Lair:1   | 10779 ||| Stepping ~*~*~tactically~*~*~ (stealth).
 10780 | Lair:1   | 10780 ||| Stepping ~*~*~tactically~*~*~ (stealth).
 10795 | Lair:1   | 10795 ||| INVOKING Heroism.
 10801 | Lair:1   | Reached skill level 13 in Axes
 10835 | Lair:1   | Killed Joseph
 11020 | Lair:1   | Reached XP level 13. HP: 82/82 MP: 20/20
 11264 | Lair:1   | 11264 ||| READING 3 scrolls of identify.
 11264 | Lair:1   | 11264 ||| IDENTIFYING ruby potion
 11380 | Lair:2   | Received a gift from Okawaru
 11388 | Lair:2   | 11388 ||| FLEEEEING.
 11389 | Lair:2   | 11389 ||| FLEEEEING.
 11390 | Lair:2   | 11390 ||| FLEEEEING.
 11408 | Lair:2   | 11408 ||| INVOKING Heroism.
 11463 | Lair:2   | 11463 ||| Stepping ~*~*~tactically~*~*~ (stealth).
 11482 | Lair:2   | 11482 ||| Stepping ~*~*~tactically~*~*~ (hiding).
 11489 | Lair:2   | Received a gift from Okawaru
 11490 | Lair:2   | 11490 ||| FLEEEEING.
 11490 | Lair:2   | Found a staircase to the Shoals.
 11504 | Lair:2   | 11504 ||| INVOKING Heroism.
 11513 | Lair:2   | Reached skill level 14 in Axes
 11577 | Lair:2   | 11577 ||| INVOKING Heroism.
 11681 | Lair:2   | 11681 ||| FLEEEEING.
 11682 | Lair:2   | 11682 ||| INVOKING Heroism.
 11979 | Lair:2   | 11979 ||| Stepping ~*~*~tactically~*~*~ (stealth).
 11981 | Lair:2   | 11981 ||| Stepping ~*~*~tactically~*~*~ (stealth).
 11982 | Lair:2   | 11982 ||| INVOKING Heroism.
 12190 | Lair:2   | 12190 ||| INVOKING Heroism.
 12209 | Lair:2   | Killed from afar by a lindwurm

Levels and vault maps discovered:
D:1:      noname_arrival_rooms_in_the_neighbourhood, layout_basic, serial_shops,
          nicolae_shop_competitors_out_of_business, st_stairs_5,
          minmay_lizard_pond
D:2:      layout_loops_ring, nicolae_concentric_dashed_squares_wild
D:3:      layout_loops_ring, st_stairs_12, minmay_statues_item, uniq_jessica,
          uniq_sigmund, uniq_grinder
D:4:      layout_gridville, uniq_edmund, uniq_blork_the_orc
D:5:      layout_loops_cross, ebering_ghost_disaster_area
D:6:      layout_rooms, nicolae_overflow_hallway_of_the_gods, temple_doors_cd,
          st_stairs_4
D:7:      minmay_the_grid_octo_tiled_octocenter
          [minmay_the_grid_octo_tetromino_candy, minmay_the_grid_octo_teeth,
          minmay_the_grid_octo_checkerflower, minmay_the_grid_octo_horde,
          minmay_the_grid_octo_prize_star,
          minmay_the_grid_square_5x5_checkered_statues,
          minmay_the_grid_square_5x5_three_walls,
          minmay_the_grid_square_5x5_trominoes,
          minmay_the_grid_square_5x5_intrusive_squares], layout_basic,
          nicolae_ru_awakened_eye, enter_bailey_5, uniq_maggie
D:8:      layout_basic
D:9:      layout_layer_cave, david_orc_2, serial_shops, kennysheep_little_box,
          minmay_misc_feat_encased, serial_park_tiny_pond
D:10:     minmay_thick_lines, layout_cave_pods
D:11:     layout_loops_ring, dpeg_oklobed_lair, serial_rivers,
          chequers_serial_rivers_micro_b, chequers_serial_rivers_large_b,
          chequers_serial_rivers_micro_e, chequers_serial_rivers_room_a,
          chequers_serial_rivers_small_3, uniq_snorg
Temple:   regret_index_temple_sphere_string
Lair:1:   layout_chaotic_city, ebering_ghost_xom, serial_bayou_pond_d,
          lemuel_fruit_tree, uniq_joseph
Lair:2:   layout_misc_corridors, shoals_dummy_entry, minmay_lindwurm_lava

Skill      XL: |  1  2  3  4  5  6  7  8  9 10 11 12 13 |
---------------+----------------------------------------+-----
Axes           | 2 3 4 5 7 8 10 11 12 13 14 | 14.0
Throwing       | 1 2 3 4 |  4.1
Fighting       | 5 6 7 8 9 10 | 10.9
Dodging        | 1 2 |  2.0
Armour         | 4 5 6 9 |  9.0
Shields        | 4 5 6 |  6.8
Invocations    | 4 6 9 10 | 10.0

Action                     |  1- 3 |  4- 6 |  7- 9 | 10-12 | 13-15 || total
---------------------------+-------+-------+-------+-------+-------++-------
  Melee: War axe           |   119 |    37 |   208 |   531 |   104 ||   999
         Headbutt          |       |       |    23 |   128 |    23 ||   174
  Throw: Boomerang         |    16 |       |     7 |    74 |    32 ||   129
         Javelin           |       |     8 |    26 |    37 |    29 ||   100
 Invoke: Heroism           |       |       |     1 |    24 |     6 ||    31
         Finesse           |       |       |       |     1 |       ||     1
    Use: Scroll            |     4 |     5 |     7 |    11 |     1 ||    28
         Potion            |       |     1 |     2 |     1 |       ||     4
 Armour: Scale mail        |    47 |    18 |    24 |       |       ||    89
         Chain mail        |       |       |   124 |    79 |       ||   203
         Plate armour      |       |       |       |   243 |    62 ||   305
  Dodge: Dodged            |    41 |    13 |    90 |   150 |    22 ||   316
  Block: Buckler           |    16 |     6 |    40 |   108 |    16 ||   186

Table legend:
 A = Non-vault XP
 B = Vault XP
 C = Vault XP percentage of total XP
 D = Non-vault monster count
 E = Vault monster count
 F = Vault count percentage of total count
                 A         B        C        D         E       F
            +---------+---------+-------+---------+---------+-------
      Total |   29212 |   13213 |  31.1 |     276 |      72 |  20.7
            +---------+---------+-------+---------+---------+-------
        D:1 |      48 |      12 |  20.0 |      31 |      10 |  24.4
        D:2 |      27 |       0 |   0.0 |      10 |       0 |   0.0
        D:3 |     114 |     541 |  82.6 |      10 |       4 |  28.6
        D:4 |     178 |     253 |  58.7 |       8 |       2 |  20.0
        D:5 |    1054 |       0 |   0.0 |      25 |       0 |   0.0
        D:6 |    1052 |     200 |  16.0 |      26 |       2 |   7.1
        D:7 |    1060 |    6204 |  85.4 |      19 |      36 |  65.5
        D:8 |    1393 |       0 |   0.0 |      19 |       0 |   0.0
        D:9 |    2329 |     270 |  10.4 |      29 |       6 |  17.1
       D:10 |    2397 |    2563 |  51.7 |      18 |       7 |  28.0
       D:11 |    3988 |    2121 |  34.7 |      21 |       3 |  12.5
     Lair:1 |    6227 |     486 |   7.2 |      22 |       1 |   4.3
     Lair:2 |    9345 |     563 |   5.7 |      38 |       1 |   2.6
            +---------+---------+-------+---------+---------+-------
